 Dungeon Crawl Stone Soup version 0.30.0-19-g36f170ea60 (webtiles) character file.

Game seed: 1639395520865663835

6834 monsoonserge the Zephyrmancer (level 11, -3/58 HPs)
             Began as a Tengu Air Elementalist on June 1, 2023.
             Was a Believer of Vehumet.
             Killed by vampiric draining
             ... invoked by a vampire
              (16 damage)
             ... on level 9 of the Dungeon.
             The game lasted 00:52:59 (11670 turns).

monsoonserge the Zephyrmancer (TeAE)               Turns: 11670, Time: 00:53:00

Health: -3/58      AC:  6    Str:  8    XL:     11   Next: 5%
Magic:  2/18       EV: 15    Int: 20    God:    Vehumet [**....]
Gold:   574        SH: 19    Dex: 26    Spells: 2/18 levels left

rFire   . . .        H - +8 hammer of Debt {freeze, Drain Dex+8}
rCold   . . .        B - +2 kite shield
rNeg    . . .        F - +2 leather armour {Will+}
rPois   .            (helmet restricted)
rElec   +            G - scarf {repulsion}
rCorr   +            O - +0 pair of gloves {Dex+3}
SInv    +            (boots unavailable)
Will    +....        R - amulet of reflection
Stlth   +++          M - ring of Mighi {Wiz rElec SInv}
HPRegen 0.29/turn    D - ring of resist corrosion
MPRegen 0.16/turn

%: repel missiles, reflection, wizardry (x1)
@: flying quickly and evasively, quick
A: beak, talons 3, nimble flight
a: Renounce Religion


You were on level 9 of the Dungeon.
You worshipped Vehumet.
Vehumet was pleased with you.
You visited 2 branches of the dungeon, and saw 10 of its levels.

You collected 574 gold pieces.

Inventory:

Hand Weapons
 q - a +1 dagger of speed
 x - a +3 dagger
 C - a +0 short sword of speed
 H - the +8 hammer of Debt (weapon) {freeze, Drain Dex+8}
   (You found it on level 7 of the Dungeon)

   Dex:       It affects your dexterity (+8).
   Drain:     It drains your maximum health when unequipped.
 J - a +2 short sword of freezing
 K - a +1 falchion of distortion
 S - the +1 long sword of Insufficient Pleasure {freeze, Fragile Will+++ Int-2 SInv}
   (You took it off a gnoll on level 9 of the Dungeon)

   Int:       It affects your intelligence (-2).
   SInv:      It lets you see invisible.
   Fragile:   It will be destroyed if unequipped.
   Will:      It greatly increases your willpower.
Missiles
 d - 35 poisoned darts
 r - 9 boomerangs (quivered)
 A - 2 throwing nets
Armour
 a - a +0 leather armour of fire resistance
 n - the +0 cloak of the Salamander {Str+3}
   (You found it on level 2 of the Dungeon)

   Str:       It affects your strength (+3).
 B - a +2 kite shield (worn)
 F - a +2 leather armour of willpower (worn)
 G - a scarf of repulsion (worn)
 O - a +0 pair of gloves of dexterity (worn)
Jewellery
 e - an amulet of regeneration
 k - a ring of willpower
 D - a ring of resist corrosion (right hand)
 M - the ring of Mighi (left hand) {Wiz rElec SInv}
   (You found it on level 8 of the Dungeon)

   [ring of wizardry]

   It improves your spell success rate.
   rElec:     It insulates you from electricity.
   SInv:      It lets you see invisible.
 R - an amulet of reflection (around neck)
Wands
 E - a wand of flame (9)
Scrolls
 c - 4 scrolls of enchant weapon {unknown}
 g - 9 scrolls of identify {unknown}
 i - a scroll of vulnerability {unknown}
 j - 2 scrolls of amnesia {unknown}
 m - a scroll of blinking {unknown}
 o - a scroll of enchant armour {unknown}
 p - 8 scrolls of teleportation {unknown}
 s - 2 scrolls of immolation
 t - a scroll of noise {unknown}
 v - 2 scrolls of poison {unknown}
 N - a scroll of butterflies {unknown}
Potions
 b - 4 potions of magic
 f - a potion of brilliance {unknown}
 h - 3 potions of curing
 l - a potion of heal wounds {unknown}
 u - 2 potions of degeneration {unknown}
 w - 2 potions of berserk rage {unknown}
 z - a potion of attraction {unknown}
 I - a potion of cancellation {unknown}
 L - a potion of lignification {unknown}
 P - a potion of might {unknown}
 Q - a potion of flight {unknown}


   Skills:
 + Level 2.4 Fighting
 - Level 3.2 Short Blades
 + Level 2.7 Maces & Flails
 + Level 4.5 Armour
 + Level 4.8 Dodging
 + Level 2.9 Stealth
 * Level 5.9 Shields
 * Level 4.3 Spellcasting
 * Level 6.8 Conjurations
 * Level 5.9 Summonings
 + Level 13.5 Air Magic


You had 2 spell levels left.
You knew the following spells:

 Your Spells              Type           Power      Damage    Failure   Level
a - Shock                 Conj/Air       100%       1d9       1%          1
b - Static Discharge      Conj/Air       90%        2-6/arc   1%          2
c - Swiftness             Air            55%        N/A       1%          3
d - Airstrike             Air            27%        2d(4-20)  1%          4
e - Summon Lightning Spi  Summ/Air       43%        N/A       6%          4
f - Searing Ray           Conj           62%        2d6       3%          2

Your spell library contained the following spells:

 Spells                   Type           Power      Damage    Failure   Level
 Scorch                   Fire           8%         2d5       43%         2
 Magic Dart               Conj           100%       1d8       1%          1
 Summon Small Mammal      Summ           100%       N/A       2%          1
 Cigotuvi's Dreadful Rot  Necr/Pois/Air  44%        N/A       8%          2
 Apportation              Tloc           8%         N/A       32%         1
 Freeze                   Ice            16%        1d4       32%         1
 Necrotise                Necr           16%        1d4       32%         1
 Call Canine Familiar     Summ           28%        N/A       9%          3
 Hailstorm                Conj/Ice       18%        3d6       24%         3
 Freezing Cloud           Conj/Ice/Air   15%        6-21      45%         5
 Fulminant Prism          Conj/Hex       9%         3d7       58%         4
 Frozen Ramparts          Ice            8%         1d2       65%         3
 Ignite Poison            Fire/Tmut/Pois 4%         N/A       65%         3
 Ozocubu's Armour         Ice            4%         N/A       65%         3
 Portal Projectile        Hex/Tloc       8%         N/A       65%         3
 Cause Fear               Hex            2%         N/A       96%         4
 Leda's Liquefaction      Hex/Erth       2%         N/A       96%         4
 Dragon Form              Tmut           2%         N/A       100%        7
 Ozocubu's Refrigeration  Ice            2%         4d7       100%        7
 Storm Form               Tmut/Air       15%        N/A       100%        7
 Maxwell's Capacitive Co  Air            27%        ∞         100%        8
 Dragon's Call            Summ           14%        N/A       100%        9


Dungeon Overview and Level Annotations

Branches:
Dungeon (9/15)             Temple (1/1) D:6            Lair (0/5) D:8
    Orc: D:9-12

Altars:
Ashenzari
Cheibriados
Dithmenos
Elyvilon
Fedhas
Gozag
Hepliaklqana
Kikubaaqudgha
Makhleb
Nemelex Xobeh
Okawaru
Qazlal
Ru
Sif Muna
Trog
Uskayaw
Vehumet
Wu Jian
Xom
Yredelemnul
Zin
The Shining One

Annotations:
D:9 1 runed translucent door, turdburglar's ghost, novice DsGl


Innate Abilities, Weirdness & Mutations

You have a beak for a mouth.
You have claws for feet.
Your magical nature lets you fly swiftly and evasively.


Message History

The boomerang closely misses the vampire.
Press: ? - help, v - describe, . - travel
Here: a vampire (slightly transparent)
The floor.
Casting: Shock (safe; 1% risk of failure)
Confirm with . or Enter, or press ? or * to list all spells.
Aiming: Airstrike (dangerous; 1% risk of failure)
Press: ? - help, Dir - move target, f/p - vampire
Aim: a vampire (slightly transparent, empty space bonus: 7/8)
The air twists around and strikes the vampire!
The vampire is moderately damaged.
Unknown command.
You hit the vampire. Your kick misses the vampire.
You peck the vampire, but do no damage.
The vampire is moderately damaged.
You block the vampire's attack. The vampire bites you!
The vampire draws strength from your injuries!
The vampire hits you!
The vampire bites you but does no damage.
You hit the vampire. You claw the vampire, but do no damage.
The vampire is moderately damaged.
The vampire hits you! You block the vampire's attack.
You hit the vampire. You freeze the vampire. You claw the vampire.
Your peck misses the vampire.
The vampire is heavily damaged.
The vampire hits you. The vampire misses you. You block the vampire's attack.
The vampire bites you!
The vampire draws strength from your injuries!
Unknown command.
You hit the vampire but do no damage.
The vampire is heavily damaged.
The vampire misses you. The vampire completely misses you.
Unknown command.
You sock the vampire! You freeze the vampire.
The vampire is severely damaged.
The vampire draws life force from you!
* * * LOW HITPOINT WARNING * * *
The vampire is healed by the life force!
The vampire draws life force from you!
You die...

..####..# #...+o§
### ##.## #...#W§
##..###.#.### .
#.......#.# ..
#.#..##.#.#### ...
#.##....#....# ....
#.##....####.#....#
#.#.<...........#
#.###.#####@V..##
#. ..........>##
###.#.#.(#..# #.#
#..#..# #.# #(.#..#
#. #..#..# #.. ..#
#.. ..#


You could see a vampire (invisible).

Vanquished Creatures
  Pikel (D:8)
  Prince Ribbit (D:9)
  A hornet (D:9)
  2 wyverns (D:9)
  A shadow (D:8)
  5 yaks (D:8)
  Menkaure (D:5)
  3 water moccasins
  A sky beast (D:6)
  2 ice beasts
  2 ogres
  2 orc warriors
  A lemure (D:8)
  4 centaurs
  2 phantoms (D:5)
  2 kobold brigands (D:9)
  3 bullfrogs
  2 gnoll sergeants
  5 scorpions
  8 wights
  12 killer bees
  A howler monkey (D:8)
  2 jellies
  6 gnoll boudas
  4 orc priests
  Crazy Yiuf (D:7)
  10 hounds
  4 sleepcaps
  An iguana (D:5)
  6 orc wizards
  26 gnolls
  4 adders
  4 white imps
  2 ufetubi (D:6)
  3 worms
  4 dart slugs
  35 orcs
  16 ball pythons
  3 bats
  8 endoplasms
  6 giant cockroaches
  9 hobgoblins
  7 jackals
  2 quokkas
  A frilled lizard (D:2)
  7 goblins
  13 kobolds
  7 rats
  A spectral goblin (D:8)
254 creatures vanquished.

Vanquished Creatures (collateral kills)
  An ogre (D:9)
  A kobold brigand (D:9)
  A killer bee (D:9)
  An orc (D:9)
  2 kobolds (D:9)
6 creatures vanquished.

Vanquished Creatures (others)
  An orc wizard (D:9)
1 creature vanquished.

Grand Total: 261 creatures vanquished

Notes
Turn   | Place    | Note
-------+----------+-------------------------------------------
     0 | D:1      | monsoonserge the Tengu Air Elementalist began the quest for
                  | the Orb.
     0 | D:1      | Reached XP level 1. HP: 10/10 MP: 4/4
   200 | D:1      | Reached XP level 2. HP: 15/15 MP: 4/6
   241 | D:1      | Found a faded altar of an unknown god.
   381 | D:1      | Learned a level 2 spell: Static Discharge
   425 | D:1      | Reached skill level 5 in Air Magic
   526 | D:1      | Reached XP level 3. HP: 19/19 MP: 4/7
   530 | D:1      | Learned a level 3 spell: Swiftness
   911 | D:2      | Identified the +0 cloak of the Salamander {Str+3}
   967 | D:2      | Found an opulent altar of Gozag.
  1336 | D:2      | Reached XP level 4. HP: 19/24 MP: 3/8
  2198 | D:2      | Reached skill level 1 in Armour
  2198 | D:2      | Gained mutation: Your magical nature lets you fly swiftly
                  | and evasively. [Tengu growth]
  2198 | D:2      | Reached XP level 5. HP: 14/28 MP: 1/10
  3114 | D:4      | Reached skill level 1 in Short Blades
  3163 | D:4      | Learned a level 4 spell: Airstrike
  3180 | D:4      | Reached skill level 6 in Air Magic
  3180 | D:4      | Reached XP level 6. HP: 32/32 MP: 2/11
  3640 | D:4      | Found a white marble altar of Elyvilon.
  3640 | D:4      | Found a glowing golden altar of the Shining One.
  3641 | D:4      | Found an ancient bone altar of Kikubaaqudgha.
  3641 | D:4      | Found an ornate altar of the Wu Jian Council.
  3758 | D:4      | Noticed an orc warrior
  4003 | D:4      | Reached skill level 7 in Air Magic
  4009 | D:4      | Reached XP level 7. HP: 37/37 MP: 5/12
  4142 | D:5      | Entered Level 5 of the Dungeon
  4203 | D:5      | Noticed Menkaure
  4209 | D:5      | Killed Menkaure
  4452 | D:5      | Identified the +6 trident of the People {antimagic, rElec}
  4454 | D:5      | Reached skill level 1 in Fighting
  4454 | D:5      | Reached skill level 8 in Air Magic
  4709 | D:5      | Reached XP level 8. HP: 43/43 MP: 1/13
  5017 | D:5      | Reached skill level 9 in Air Magic
  5178 | D:5      | Reached skill level 1 in Shields
  5756 | D:4      | Reached skill level 10 in Air Magic
  5757 | D:4      | Found a shimmering blue altar of Sif Muna.
  6224 | D:6      | Reached XP level 9. HP: 26/48 MP: 0/14
  6232 | D:6      | Reached skill level 11 in Air Magic
  6348 | D:6      | Learned a level 4 spell: Summon Lightning Spire
  6529 | D:6      | Found a basalt altar of Yredelemnul.
  6719 | D:6      | Reached skill level 1 in Summonings
  6937 | D:6      | Found a staircase to the Ecumenical Temple.
  6948 | Temple   | Entered the Ecumenical Temple
  8380 | D:7      | Identified the +8 hammer of Debt {freeze, Drain Dex+8}
  8391 | D:7      | Found a runed translucent door.
  8392 | D:7      | Noticed Crazy Yiuf
  8397 | D:7      | Killed Crazy Yiuf
  8565 | D:7      | Reached skill level 12 in Air Magic
  8879 | D:8      | Found a hazy altar of Hepliaklqana.
  8916 | D:8      | Found a radiant altar of Vehumet.
  8996 | D:8      | Became a worshipper of Vehumet
  9051 | D:8      | Found a staircase to the Lair.
  9196 | D:8      | Noticed a gargoyle
  9196 | D:8      | Noticed Pikel
  9228 | D:8      | Killed Pikel
  9229 | D:8      | Reached skill level 1 in Maces & Flails
  9229 | D:8      | Reached XP level 10. HP: 53/53 MP: 4/17
  9342 | D:8      | Identified the ring of Mighi {Wiz rElec SInv}
  9511 | D:8      | Found a broken altar of Ashenzari.
  9743 | D:8      | Reached skill level 5 in Summonings
  9744 | D:8      | Reached skill level 5 in Shields
  9744 | D:8      | Reached skill level 13 in Air Magic
 10006 | D:9      | Reached skill level 5 in Conjurations
 10288 | D:9      | Identified the +1 long sword of Insufficient Pleasure
                  | {freeze, Fragile Will+++ Int-2 SInv}
 10401 | D:9      | Reached * piety under Vehumet
 10401 | D:9      | Offered knowledge of Kiss of Death by Vehumet.
 10907 | D:9      | Offered knowledge of Scorch by Vehumet.
 10991 | D:9      | Learned a level 2 spell: Searing Ray
 11378 | D:9      | Reached ** piety under Vehumet
 11450 | D:9      | Found a glowing silver altar of Zin.
 11631 | D:9      | Found a runed translucent door.
 11645 | D:9      | Noticed turdburglar's ghost (novice DsGl)
 11657 | D:9      | Reached XP level 11. HP: 58/58 MP: 11/18
 11657 | D:9      | Noticed Prince Ribbit
 11662 | D:9      | Killed Prince Ribbit
 11670 | D:9      | Killed from afar by a vampire

Illustrated notes

Levels and vault maps discovered:
D:1:      wander_arrival_lonely_grave, layout_basic,
          hellmonk_ecumenical_altar_heavens_door
D:2:      layout_basic, basic_altar
D:3:      layout_basic
D:4:      layout_basic, marbit_many_paths,
          chequers_temple_overflow_statue_of_worship
D:5:      layout_cave_pods, serial_glass, glass_columns_b, glass_columns_c,
          hangedman_abyss_or_decor_stagger, minmay_misc_feat_ornament,
          minmay_hedge_maze, uniq_menkaure
D:6:      layout_loops_corners, mainiacjoe_overflow_boulevard,
          minmay_temple_entry_fiery, portal_sewer_entry_b
D:7:      layout_basic, uniq_crazy_yiuf_cottage
D:8:      minmay_opposing_rooms, layout_loops_cross, lemuel_tele_altar,
          nicolae_hepliaklqana_monster_ancestors, mainiacjoe_overflow_catwalk,
          lair_entry_dummy, uniq_pikel
D:9:      kennysheep_housing_project, layout_basic, zin_treasury,
          ebering_ghost_inner_flame, uniq_prince_ribbit1
Temple:   hc_temple_tempest_star

Skill      XL: |  1  2  3  4  5  6  7  8  9 10 |
---------------+-------------------------------+-----
Air Magic      | 5 6 7 8 10 12 13 | 13.5
Conjurations   | 2 3 4 6 |  6.8
Armour         | 1 2 3 4 |  4.5
Spellcasting   | 3 4 |  4.3
Short Blades   | 1 2 3 |  3.2
Dodging        | 3 4 |  4.8
Fighting       | 1 2 |  2.4
Shields        | 3 4 5 |  5.9
Summonings     | 4 5 |  5.9
Maces & Flails | 1 2 |  2.7
Stealth        | |  2.9

Action                     |  1- 3 |  4- 6 |  7- 9 | 10-12 || total
---------------------------+-------+-------+-------+-------++-------
  Melee: Dagger            |    11 |    61 |    11 |       ||    83
         Peck              |     6 |    12 |    16 |     8 ||    42
         Kick              |     3 |    18 |    28 |    20 ||    69
         Short sword       |     4 |       |    67 |       ||    71
         Mace              |       |       |    10 |    60 ||    70
  Throw: Dart              |       |       |       |     2 ||     2
         Boomerang         |       |       |       |     3 ||     3
   Cast: Shock             |    56 |   123 |   200 |    94 ||   473
         Airstrike         |       |     1 |    19 |    12 ||    32
         Static Discharge  |       |       |     2 |    10 ||    12
         Summon Lightning  |       |       |       |     6 ||     6
         Searing Ray       |       |       |       |     1 ||     1
    Use: Potion            |       |       |     2 |       ||     2
   Stab: Sleeping          |       |     1 |       |     1 ||     2
         Distracted        |       |       |       |     1 ||     1
 Armour: Robe              |     9 |     4 |       |       ||    13
         Leather armour    |       |    10 |    20 |    15 ||    45
  Dodge: Dodged            |    15 |    50 |    52 |    70 ||   187
  Block: Kite shield       |       |       |    55 |   114 ||   169
         Buckler           |       |       |     4 |       ||     4
         Reflection        |       |       |       |     8 ||     8
